 Dungeon Crawl Stone Soup version 0.30.1-3-gfc49f6343a (webtiles) character file.

Game seed: 11604606428602546015

62 cdecastro the Grasshopper (level 3, -1/31 HPs)
             Began as an Armataur Warper on July 28, 2023.
             Killed from afar by Sigmund (11 damage)
             ... with a magic dart
             ... on level 3 of the Dungeon.
             The game lasted 00:02:54 (1656 turns).

cdecastro the Grasshopper (Armataur Warper)         Turns: 1656, Time: 00:02:55

Health: -1/31      AC:  4    Str: 18    XL:     3   Next: 85%
Magic:  5/5        EV:  9    Int: 13    God:
Gold:   67         SH:  0    Dex:  9    Spells: 5/5 levels left

rFire   . . .        a - +0 mace
rCold   . . .        (no shield)
rNeg    . . .        b - +0 leather armour
rPois   .            (no helmet)
rElec   .            (no cloak)
rCorr   .            (no gloves)
SInv    .            (no barding)
Will    .....        (no amulet) Stlth
                     (no ring)
HPRegen 0.25/turn    (no ring)
MPRegen 0.09/turn

%: roll
@: confused
A: large, rugged brown scales 3, deformed body, armoured tail, roll, long
tongue, awkward tongue
a: no special abilities


You were on level 3 of the Dungeon.
You visited 1 branch of the dungeon, and saw 3 of its levels.

You collected 67 gold pieces.

Inventory:

Hand Weapons
 a - a +0 mace (weapon)
Missiles
 d - 7 boomerangs of dispersal (quivered)
Armour
 b - a +0 leather armour (worn)
Jewellery
 e - a +5 ring of evasion
Scrolls
 c - a scroll of blinking
 g - a scroll of poison {unknown}
 h - 2 scrolls of identify {unknown}
 j - 2 scrolls of immolation {unknown}
 k - a scroll of teleportation {unknown}
 l - a scroll of enchant weapon {unknown}
Potions
 f - a potion of brilliance {unknown}
 i - 2 potions of curing {unknown}


   Skills:
 - Level 1.7 Fighting
 - Level 2.5(2.8) Maces & Flails
 * Level 1.8(2.5) Staves
 - Level 0.8 Throwing
 - Level 1.2 Armour
 - Level 1.3 Dodging
 - Level 1.7 Spellcasting
 + Level 3.6 Translocations


You had 5 spell levels left.
You didn't know any spells.
Your spell library contained the following spells:

 Spells                   Type           Power      Damage    Failure   Level
 Blink                    Tloc           20%        N/A       11%         2
 Lesser Beckoning         Tloc           20%        N/A       11%         2
 Teleport Other           Tloc           10%        N/A       21%         3
 Vhi's Electric Charge    Tloc/Air       10%        N/A       41%         3
 Manifold Assault         Tloc           10%        N/A       56%         4


Dungeon Overview and Level Annotations

Branches:
Dungeon (3/15)

Altars:

Shops:
D:1 ((

Annotations:
D:3 Sigmund


Innate Abilities, Weirdness & Mutations

You are completely covered in rugged brown scales. (AC +3, +7% HP)
Armour fits poorly on your strangely shaped body.
You have a long armoured tail.
You roll when moving toward enemies. (Rampage)
Your long tongue fully drains potion bottles. (2x potion effects)
Your tongue gives you trouble enunciating. (1.5x scroll delay)


Message History

A hobgoblin is nearby!
You roll towards the hobgoblin!
You barely miss the hobgoblin. You tail-slap the hobgoblin.
You kill the hobgoblin!
There is a stone staircase leading up here.
Found a stone staircase leading down.
Sigmund the Dreaded comes into view.
He is wielding a +0 scythe and wearing a +2 robe of positive energy.
Sigmund shouts!
Sigmund casts a spell at you.
You are confused.
Sigmund is nearby!
Sigmund is nearby!
You don't know any spells.
Unknown command.
Unknown command.
Sigmund mumbles some strange words.
Sigmund flickers and vanishes!
Deactivating autopickup; reactivate with Ctrl-A.
You're too confused to move!
You bump into the rock wall.
You bump into the rock wall.
Something hits you but does no damage.
You feel less confused. Something hits you. Something hits you!
A puff of flame appears from out of thin air!
The puff of flame hits you.
A magic dart appears from out of thin air!
The magic dart hits you.
* * * LOW HITPOINT WARNING * * *
Something tries to affect you, but you resist.
You are confused.
You bump into the rock wall.
You are more confused.
You bump into the rock wall.
You're too confused to move!
You bump into the rock wall.
Something hits you.
* * * LOW HITPOINT WARNING * * *
A magic dart appears from out of thin air!
The magic dart hits you!
You die...

#..........#
#.###..###.#
#..# #..#
.##.###..#
......>{.#
.######.####.#
#
.............#
##
#######@######
.## #.# ..#
#.####### .##
#....<..# ##
#######.#####
# #.....## #
#.###..## #
######..# #
#.#.###.#


There were no monsters in sight!

Vanquished Creatures
  2 adders (D:2)
  A worm (D:2)
  3 dart slugs (D:1)
  6 bats
  An endoplasm (D:1)
  3 goblins
  5 hobgoblins
  5 kobolds
  2 quokkas
  4 ball pythons
  A frilled lizard (D:2)
  4 rats
37 creatures vanquished.

Notes
Turn   | Place    | Note
-------+----------+-------------------------------------------
     0 | D:1      | cdecastro the Armataur Warper began the quest for the Orb.
     0 | D:1      | Reached XP level 1. HP: 18/18 MP: 3/3
    56 | D:1      | Reached XP level 2. HP: 21/25 MP: 4/4
    83 | D:1      | Found Buygauz's Weapon Shoppe.
   597 | D:1      | Found Rouloiwast's Weapon Emporium.
   729 | D:2      | Reached XP level 3. HP: 28/31 MP: 5/5
   782 | D:2      | Reached skill level 1 in Staves
  1635 | D:3      | Noticed Sigmund
  1656 | D:3      | Killed from afar by Sigmund

Illustrated notes

Levels and vault maps discovered:
D:1:      spicycebolla_arrival_ecumenical, layout_loops_ring, serial_shops,
          shop, nicolae_shop_hallway_stairs, serial_glass, glass_columns_b,
          glass_columns_b, glass_columns_a
D:2:      layout_loops_ring, minmay_splitting_lines
D:3:      layout_loops_ring, grunt_gozag_statues, mainiacjoe_overflow_paths,
          nicolae_ru_sacrificial_ziggurat, fedhas_altar_1,
          ebering_ghost_inner_flame, chequers_garden, minmay_misc_feat_pillars,
          grunt_decor_fettered, uniq_sigmund

Skill      XL: |  1  2  3 |
---------------+----------+-----
Maces & Flails | 2 |  2.5
Staves         | 1 |  1.8
Fighting       | |  1.7
Throwing       | |  0.8
Armour         | |  1.2
Dodging        | |  1.3
Spellcasting   | |  1.7
Translocations | |  3.6

Action                     || total
---------------------------++-------
  Melee: Mace              ||   120
         Tailslap          ||    13
         Punch             ||     2
 Armour: Leather armour    ||    63
  Dodge: Dodged            ||    80
